 Dungeon Crawl Stone Soup version 0.23.0-41-g86b089e62c (webtiles) character file.

Game seed: 10969464224647844393

62 Gargoyl the Skirmisher (level 3, -1/34 HPs)
             Began as a Centaur Abyssal Knight on Feb 28, 2019.
             Was a Follower of Lugonu.
             Killed by divine providence
             ... invoked by an orc priest
              (16 damage)
             ... on level 3 of the Dungeon.
             The game lasted 00:02:29 (2402 turns).

Gargoyl the Skirmisher (Centaur Abyssal Knight)     Turns: 2402, Time: 00:02:30

Health: -1/34      AC: 15    Str: 11 (14) XL:     3   Next: 85%
Magic:  4/4        EV: 12    Int:  8 (11) God:    Lugonu [*.....]
Gold:   89         SH:  4    Dex: 15 (16) Spells: 2/2 levels left

rFire    . . .     SeeInvis .   a - +1 hand axe
rCold    . . .     Gourm    .   (no shield)
rNeg     . . .     Faith    .   b - +0 leather armour
rPois    .         Spirit   .   (no helmet)
rElec    .         Reflect  .   d - +0 cloak
rCorr    .         Harm     .   f - +0 pair of gloves
MR       .....                  e - +2 centaur barding
Stlth    ++........             (no amulet)
HPRegen  0.11/turn              (no ring)
MPRegen  0.09/turn              (no ring)

@: agile, very quick
A: large, hooves 3, large bone plates 1, thin metallic scales 1, agile 1,
deformed body, speed 2, robust 1, tough skin 3
a: Depart the Abyss, Renounce Religion


You were on level 3 of the Dungeon.
You worshipped Lugonu.
Lugonu was aware of your devotion.
You were very hungry.

You visited 1 branch of the dungeon, and saw 3 of its levels.
You visited the Abyss 1 time.

You collected 89 gold pieces.

Inventory:

Hand Weapons
 a - a +1 hand axe (weapon)
Armour
 b - a +0 leather armour (worn)
 d - a +0 cloak (worn)
 e - a +2 centaur barding (worn)
 f - a +0 pair of gloves (worn)
Scrolls
 g - a scroll of identify
 h - 4 scrolls of teleportation
Comestibles
 c - 4 rations


   Skills:
 + Level 3.4 Fighting
 + Level 2.3 Axes
 * Level 2.0 Armour
 * Level 1.1 Dodging
 * Level 2.5 Invocations


You had 2 spell levels left.
You didn't know any spells.
Your spell library was empty.

Dungeon Overview and Level Annotations

Branches:
Dungeon (3/15)

Altars:
Qazlal


Innate Abilities, Weirdness & Mutations

You have hooves in place of feet.
Armour fits poorly on your strangely shaped body.
You cover ground very quickly.
You have extremely tough skin. (AC +3)
You are partially covered in large bone plates. (SH +4)
You are partially covered in thin metallic scales. (AC +2)
You are agile. (Dex +2)
You are robust. (+10% HP)


Message History

Lugonu accepts your kill. You block the orc priest's attack.
Unknown command.
You closely miss the orc priest. You kick the orc priest.
The orc priest is moderately wounded.
You block the orc priest's attack.
Unknown command.
You hit the orc priest but do no damage.
The orc priest is moderately wounded.
You block the orc priest's attack.
The orc priest miscasts a cantrip.
Unknown command.
You hit the orc priest. Your kick misses the orc priest.
The orc priest is heavily wounded.
The orc priest looks satisfied for a moment.
You hit the orc priest but do no damage.
The orc priest is moderately wounded.
The orc priest mumbles some strange prayers to Beogh against you.
Beogh smites you!
You die...

*,* #,* #.# #.# #.# #.
*,*****#*.####.# #.####.###.
*>,,,,,..,...#.####.#........
*,******#.##.#........##.###.
*,***##*#........##.#.##.###.
*,,,,...#,*#.$....<..........
*,,,,?....##.............####
***,****#.#...[.......#.####
* ***,,,* #....)@o...####.#
** *,,,*,** ######..#### #.#
**, *,*,,,,*** #..#
**#.#****,* *,,,,_,,,* #..#
*,...,,,,,* *,,,,,,_,** #..#
*,*..***,,*
*,,,,,,,,,*****#..# *,**,*
*,,, *,_,,8,,_,,,,,,...#
**,**,******
*,,,,,,,,,,****##.#
*,,,*,,,,*** *,,_,,,,,,,*
*,****,,,*,**,,,,


You could see an orc priest.

Vanquished Creatures
  2 worms (D:2)
  2 dart slugs
  2 leopard geckos (D:1)
  3 orcs (D:3)
  2 ball pythons (D:1)
  3 bats (D:1)
  A giant cockroach (D:2)
  7 goblins
  2 hobgoblins
  3 jackals (D:3)
  4 kobolds (D:1)
  6 frilled lizards
  9 rats
46 creatures vanquished.

Notes
Turn   | Place    | Note
-------+----------+-------------------------------------------
     0 | Abyss:1  | Gargoyl the Centaur Abyssal Knight began the quest for the
                  | Orb.
     0 | Abyss:1  | Reached XP level 1. HP: 19/19 MP: 2/2
   210 | Abyss:1  | Noticed an ice devil
   216 | D:1      | Escaped the Abyss
   659 | D:1      | Reached XP level 2. HP: 20/26 MP: 3/3
   660 | D:1      | Reached * piety under Lugonu
   941 | D:1      | Reached skill level 1 in Dodging
   988 | D:1      | Reached XP level 3. HP: 30/31 MP: 4/4
  1437 | D:2      | Found a stormy altar of Qazlal.
  2391 | D:3      | Gained mutation: You are agile. (Dex +2) [potion of
                  | mutation]
  2391 | D:3      | Gained mutation: You are partially covered in thin metallic
                  | scales. (AC +2) [potion of mutation]
  2391 | D:3      | Gained mutation: You are partially covered in large bone
                  | plates. (SH +4) [potion of mutation]
  2391 | D:3      | Gained mutation: You are robust. (+10% HP) [potion of
                  | mutation]
  2402 | D:3      | Killed from afar by an orc priest

Skill      XL: |  1  2  3 |
---------------+----------+-----
Dodging        | 1 |  1.1
Axes           | 2 |  2.3
Armour         | 2 |  2.0
Fighting       | |  3.4
Invocations    | |  2.5

Action                   || total
-------------------------++-------
Melee: Hand axe          ||   130
       Kick              ||    18
Invok: Depart the Abyss  ||     1
  Use: Potion            ||     5
       Scroll            ||     4
  Eat: Chunk             ||     2
Armor: Leather armour    ||    98
Dodge: Dodged            ||    56
Block: Other             ||     5
